 Dungeon Crawl Stone Soup version 0.29-a0-789-g7a8fcbc185 (webtiles) character file.

Game seed: 140951582644804381

5 spaghetti the Magician (level 1, 0/15 HPs)
             Began as a Djinni Necromancer on July 3, 2022.
             Frozen to death by an endoplasm (3 damage)
             ... on level 1 of the Dungeon.
             The game lasted 00:00:30 (277 turns).

spaghetti the Magician (Djinni Necromancer)          Turns: 277, Time: 00:00:30

Health: 0/15       AC:  2    Str:  7    XL:     1   Next: 88%
Gold:   0          EV: 12    Int: 16    God:
                   SH:  0    Dex: 13

rFire   + + .      SeeInvis .   (no weapon)
rCold   x . .      Faith    .   (no shield)
rNeg    . . .      Spirit   .   a - +0 robe rPois โˆž Reflect .
                                (no helmet)
rElec   .          Harm     .   (no cloak)
rCorr   .          Rampage  .   (no gloves)
Will    .....                   (boots unavailable)
Stlth   ++........              (no amulet)
HPRegen 0.05/turn               (no ring)
MPRegen 0.00/turn               (no ring)

@: flying
A: sickness immunity, fire resistance 2, cold vulnerability 1, float, innate
caster, HP casting, extra vitality 1
a: no special abilities


You were on level 1 of the Dungeon.
You visited 1 branch of the dungeon, and saw 1 of its levels.


Innate Abilities, Weirdness & Mutations

You are immune to sickness and miasma.
You are immune to poison.
Your flesh is very heat resistant. (rF++)
You are vulnerable to cold. (rC-)
You float through the air rather than walking.
You learn spells naturally, not from books.
Your magical power is your life essence.
You have superior vitality. (+4 MHP)


   Skills:
 - Level 2.1 Dodging
 - Level 1.5 Stealth
 + Level 3.5 Spellcasting


You couldn't memorise any spells.
You knew the following spells:

 Your Spells              Type           Power      Damage    Failure   Level
a - Necrotize             Necr           56%        1d6       4%          1
b - Vampiric Draining     Necr           14%        2d7       13%         3
c - Animate Dead          Necr           14%        N/A       38%         4
d - Agony                 Necr           14%        N/A       75%         5
Your spell library was empty.

Inventory:

Hand Weapons
 c - a +0 short sword {short}
   (You found it on level 1 of the Dungeon)
 d - a +0 club {mace}
   (You found it on level 1 of the Dungeon)
 f - a +0 dagger {short}
   (You took it off a kobold on level 1 of the Dungeon)
Missiles
 g - a stone {throwing}
Armour
 a - a +0 robe (worn)
Potions
 b - a potion of might {unknown}
 e - a potion of lignification {unknown}

Dungeon Overview and Level Annotations

Branches:
Dungeon (1/15) Zot: 5722

Altars:

########.....# <.#
#.....# ..# #.....#
#######.# #รท##
#####.###.......#
#..####### #............
##..##...#######.######
##..รท......#####.#######
###........#............
# ###.....######@#######
# ####### #J# # #g# #.#
#.# #.# #.# #.#


You could see an endoplasm and a goblin.


Message History

Casting: Necrotize (safe; 4% risk of failure)
Confirm with . or Enter, or press ? or * to list all spells.
Aiming: Necrotize (safe; 4% risk of failure)
Press: ? - help, Shift-Dir - straight line, f - rat
Aim: a rat (ally target, chance to affect: 83%)
The rat writhes in agony.
You kill the rat!
The dead are walking! ๐Ÿ˜ฎ HP[-1]
You take 1 damage, and now have 8/15 hp.
Casting: Necrotize (safe; 4% risk of failure)
Confirm with . or Enter, or press ? or * to list all spells.
You can't see any susceptible monsters within range! (Use Z to cast anyway.)
Your rat skeleton crumbles into dust!
Your rat skeleton crumbles into dust!
Your rat skeleton crumbles into dust!
Key pressed, stopping explore.
Key pressed, stopping explore.
A giant cockroach comes into view. ๐Ÿ˜• HP[+4]
You regained 4 hp, and now have 12/15 hp.
A giant cockroach is nearby!
A giant cockroach is nearby!
A giant cockroach is nearby!
A giant cockroach is nearby!
A giant cockroach is nearby!
Unknown command.
A giant cockroach is nearby!
A giant cockroach is nearby! ๐Ÿ˜• HP[+1]
You see here a rat corpse.
Casting: Necrotize (safe; 4% risk of failure)
Confirm with . or Enter, or press ? or * to list all spells.
Aiming: Necrotize (safe; 4% risk of failure)
Press: ? - help, Shift-Dir - straight line, f - giant cockroach
Aim: a giant cockroach (chance to affect: 83%)
The giant cockroach barely resists.
The giant cockroach bites you but does no damage. ๐Ÿ˜• HP[-1]
You take 1 damage, and now have 12/15 hp.
Casting: Necrotize (safe; 4% risk of failure)
Confirm with . or Enter, or press ? or * to list all spells.
Aiming: Necrotize (safe; 4% risk of failure)
Press: ? - help, Shift-Dir - straight line, f/p - giant cockroach
Aim: a giant cockroach (chance to affect: 83%)
The giant cockroach writhes in agony.
You kill the giant cockroach! ๐Ÿ˜ฎ HP[-1]
You take 1 damage, and now have 11/15 hp.
Casting: Necrotize (safe; 4% risk of failure)
Confirm with . or Enter, or press ? or * to list all spells.
You can't see any susceptible monsters within range! (Use Z to cast anyway.) Key pressed, stopping explore.
Key pressed, stopping explore.
Key pressed, stopping explore.
d - a +0 club {mace}
e - a grey potion ๐Ÿ˜Ž HP[+4]
Your hp is fully restored (15).
You see here a rat corpse.
f - a +0 dagger {short};
g - a stone {throwing}
There is an open door, spattered with blood here.
You see here a kobold corpse.
Found a stone staircase leading down.
There is a stone staircase leading down here.
An endoplasm comes into view.
An endoplasm is nearby!
An endoplasm is nearby!
A goblin comes into view. It is wielding a +0 dagger.
The endoplasm quivers.
The endoplasm freezes you.
You are frozen.
You feel a terrible chill! ๐Ÿ˜• HP[-3]
You take 3 damage, and now have 12/15 hp.
Unknown command.
Casting: Necrotize (safe; 4% risk of failure)
Confirm with . or Enter, or press ? or * to list all spells.
Aiming: Necrotize (safe; 4% risk of failure)
Press: ? - help, Shift-Dir - straight line, f - endoplasm
Aim: an endoplasm (chance to affect: 84%)
The endoplasm barely resists.
The endoplasm freezes you.
You are frozen!
You feel a terrible chill!
* * * LOW HITPOINT WARNING * * *
๐Ÿ˜จ HP[-8]
You take 8 damage, and now have 4/15 hp.
MASSIVE DAMAGE!! (PAUSE)
Casting: Necrotize (safe; 4% risk of failure)
Confirm with . or Enter, or press ? or * to list all spells.
Aiming: Necrotize (safe; 4% risk of failure)
Press: ? - help, Shift-Dir - straight line, f/p - endoplasm
Aim: an endoplasm (chance to affect: 84%)
The endoplasm writhes in agony.
* * * LOW HITPOINT WARNING * * *
The endoplasm freezes you.
You are frozen.
You feel a terrible chill!
You die...

Action                   || total
-------------------------++-------
 Cast: Necrotize         ||    12
Armor: Robe              ||     2

Levels and vault maps discovered:
D:1:      dpeg_arrival_ratfight, layout_loops_ring

Notes
Turn   | Place    | Note
-------+----------+-------------------------------------------
     0 | D:1      | spaghetti the Djinni Necromancer began the quest for the
                  | Orb.
     0 | D:1      | spaghetti set off with the following spells memorised:
                  | Necrotize, Vampiric Draining, Animate Dead, Agony.
     0 | D:1      | Reached XP level 1. HP: 15/15 MP: 0/0
     0 | D:1      | magus.rc [v1.9.6]
   277 | D:1      | Frozen to death by an endoplasm

Vanquished Creatures
  A giant cockroach (D:1)
  4 rats (D:1)
5 creatures vanquished.

Vanquished Creatures (collateral kills)
  A kobold (D:1)
  A rat (D:1)
2 creatures vanquished.

Grand Total: 7 creatures vanquished

Table legend:
 A = Non-vault XP
 B = Vault XP
 C = Vault XP percentage of total XP
 D = Non-vault monster count
 E = Vault monster count
 F = Vault count percentage of total count
                 A         B        C        D         E       F
            +---------+---------+-------+---------+---------+-------
      Total |       3 |       5 |  62.5 |       2 |       5 |  71.4
            +---------+---------+-------+---------+---------+-------
        D:1 |       3 |       5 |  62.5 |       2 |       5 |  71.4
            +---------+---------+-------+---------+---------+-------

Illustrated notes

Table legend:
 A = Kills in this place as a percentage of kills in entire the game.
 B = Kills by you in this place as a percentage of kills by you in the entire game.
 C = Kills by friends in this place as a percentage of kills by friends in the entire game.
 D = Other kills in this place as a percentage of other kills in the entire game.
 E = Experience gained in this place as a percentage of experience gained in the entire game.
 F = Experience gained in this place divided by the number of levels of this place that you have seen.
                   A       B       C       D       E      F
               +-------+-------+-------+-------+-------+----------------------
         Total | 100.0 | 100.0 | 100.0 |   N/A | 100.0 |   8.0
       Dungeon | 100.0 | 100.0 | 100.0 |   N/A | 100.0 |   8.0
               +-------+-------+-------+-------+-------+----------------------

Table legend: (Time is in decaauts)
 A = Elapsed time spent in this place.
 B = Non-inter-level travel time spent in this place.
 C = Inter-level travel time spent in this place.
 D = Time resting spent in this place.
 E = Time spent auto-exploring this place.
 F = Levels seen in this place.
 G = Mean time per level.
                   A        B        C        D        E       F      G
               +--------+--------+--------+--------+--------+-----+--------+
         Total |    277 |    277 |      0 |      0 |    243 |   1 |  277.0 |
       Dungeon |    277 |    277 |      0 |      0 |    243 |   1 |  277.0 |
               +--------+--------+--------+--------+--------+-----+--------+

Top non-repeatable levels by time:
     D:1: 277 daAuts
